 Dungeon Crawl Stone Soup version 0.31-a0-844-gdc52ec4e09 (webtiles) character file.

Game seed: 8281098070443177286

81 kae the Changeling (level 4, -1/52 HPs)
             Began as a Draconian Shapeshifter on Sept 28, 2023.
             Slain by a gnoll
             ... wielding a +0 flail
              (2 damage)
             ... on level 2 of the Dungeon.
             The game lasted 00:01:36 (1052 turns).

kae the Changeling (Draconian Shapeshifter)         Turns: 1052, Time: 00:01:37

Health: -1/52      AC: 22    Str: 16    XL:     4   Next: 20%
Magic:  4/4        EV:  2    Int: 11    God:
Gold:   145        SH:  0    Dex: 12    Spells: 3/3 levels left

rFire   . .          .
                       - Unarmed
rCold   . . .        (no shield)
rNeg    . . .        (body armour unavailable)
rPois   +            (helmet currently unavailable)
rElec   .            (cloak currently unavailable)
rCorr   .            (gloves currently unavailable)
SInv    .            (boots currently unavailable)
Will    .....        (no amulet)
Stlth   +            (no ring)
HPRegen 0.28/turn    (no ring)
MPRegen 0.09/turn

%: no passive effects
@: tree-form
A: stationary, stasis, torment immunity, boosted hp, AC +5, unfitting armour,
(cold-blooded)
a: no special abilities


You were on level 2 of the Dungeon.
You were a tree.
You visited 1 branch of the dungeon, and saw 2 of its levels.

You collected 145 gold pieces.


Innate Abilities, Weirdness & Mutations

You are a tree.
Your roots penetrate the ground, keeping you stationary.
You cannot be teleported.
You are immune to unholy pain and torment.
Your maximum health is greatly increased.
Your equipment is partially melded.
((Your plain brown scales are hard. (AC +5)))
You cannot fit into any form of body armour.
((You are cold-blooded and may be slowed by cold attacks.))


   Skills:
 - Level 1.1 Fighting
 - Level 1.7 Dodging
 + Level 3.8 Unarmed Combat
 * Level 4.2 Shapeshifting


You had 3 spell levels left.
You didn't know any spells.
Your spell library contained the following spells:

 Spells                   Type           Power      Damage    Failure   Level
 Ensorcelled Hibernation  Hex/Ice        0%         N/A       47%         2
 Jinxbite                 Hex            0%         N/A       47%         2
 Anguish                  Hex/Necr       0%         N/A       98%         4
 Manifold Assault         Tloc           0%         N/A       98%         4
 Dispersal                Tloc           0%         N/A       100%        6
 Disjunction              Tloc           0%         N/A       100%        8

Inventory:

Missiles
 e - 7 stones
Jewellery
 Z - a ring of wizardry
   (You found it on level 1 of the Dungeon)
Talismans
 b - a beast talisman
 c - a flux talisman
Scrolls
 d - a scroll of fear {unknown}
 f - a scroll of fog
 g - a scroll of identify {unknown}
 h - a scroll of torment {unknown}
 i - a scroll of teleportation {unknown}

Dungeon Overview and Level Annotations

Branches:
Dungeon (2/15) Zot: 10953

Altars:

#.########†##.#####.#
#.# #.##.#####.# #.#
#.##........ #.#
#.##^#####.. #.#
#.##.# #.... #.####
#.##.# #.##. #....#
#.##.# #.##. ####.#
#.##.###.#.. #♣#
#.##........ #g#
#.....##.#[. #g#
#####.##.##. #g#
#..†.... #g# ####....
*#.#* ####. *.r.* #.
*...* #. ***#...#***
#.


You could see 4 gnolls and a rat.


Message History

The worm bites you. 😕 HP[-6]
You take 6 damage, and now have 22/28 hp.
MASSIVE DAMAGE!! (PAUSE)
You hit the worm. You punch the worm. The worm barely misses you. 😕 HP[+1]
You hit the worm. You punch the worm, but do no damage. You hit the worm.
The worm bites you. 😕 HP[-1]
You take 1 damage, and now have 22/28 hp.
You hit the worm but do no damage. You barely miss the worm.
The worm closely misses you. 😕 HP[+1]
You hit the worm.
Your tail-slap misses the worm.
You hit the worm.
You kill the worm!
Your Shapeshifting skill increases to level 4!
A gnoll comes into view. It is wielding a +0 flail. 😎 HP[+5]
Your hp is fully restored (28).
A gnoll is nearby! 2 gnolls come into view.
The gnoll shouts!
A gnoll comes into view. It is wielding a +0 flail.
You punch the gnoll! The gnoll hits you with a +0 flail.
You barely miss the gnoll. The gnoll closely misses you. 😕 HP[-4]
You take 4 damage, and now have 24/28 hp.
You hit the gnoll. 😕 HP[+1]
You closely miss the gnoll. You tail-slap the gnoll. You barely miss the gnoll.
The gnoll hits you with a +0 flail!
* * * LOW HITPOINT WARNING * * *
You punch the gnoll!
You kill the gnoll! 😨 HP[-12]
You take 12 damage, and now have 13/28 hp.
MASSIVE DAMAGE!! (PAUSE)
You punch the gnoll!
You kill the gnoll!
You have reached level 4!
You feel clever. 😨 HP[+4] MP[+1]
You now have 35 max hp (+7).
You regained 4 hp, and now have 17/35 hp.
Your mp is fully restored (4).
The gnoll hits you but does no damage.
Things that are here:
a +0 flail; a +0 flail; a gnoll corpse You hit the gnoll.
You tail-slap the gnoll. The gnoll hits you with a +0 whip.
* * * LOW HITPOINT WARNING * * *
You closely miss the gnoll.
Your tail-slap misses the gnoll.
You barely miss the gnoll. You tail-slap the gnoll. The gnoll misses you.
A gnoll comes into view. It is wielding a +0 flail.
Unknown command.
The gnoll shouts!
You hit the gnoll. The gnoll hits you but does no damage.
You hit the gnoll.
You kill the gnoll!
A gnoll comes into view. It is wielding a +0 whip.
You see here a +0 whip. 😮 HP[+1]
The gnoll shouts!
Things that are here:
a +0 flail; a +0 flail; a gnoll corpse
Okay, then.
Okay, then.
Okay, then.
Okay, then.
As you read the scroll labelled AGRURU USAF, it crumbles to dust.
It is a scroll of enchant armour.
You aren't carrying any armour which can be enchanted further.
A gnoll comes into view. It is wielding a +0 club.
You barely miss the gnoll. The gnoll hits you with a +0 flail!
* * * LOW HITPOINT WARNING * * *
😱 HP[-11]
You take 11 damage, and now have 7/35 hp.
MASSIVE DAMAGE!! (PAUSE)
Okay, then.
Your transformation has ended.
You turn into a tree.
Your roots penetrate the ground.
The gnoll hits you but does no damage. 😱 HP[+3]
You now have 52 max hp (+17).
You regained 3 hp, and now have 10/52 hp.
You closely miss the gnoll. The gnoll hits you with a +0 flail.
* * * LOW HITPOINT WARNING * * *
😱 HP[-1]
You take 1 damage, and now have 9/52 hp.
You completely miss the gnoll.
The gnoll shouts!
The gnoll hits you with a +0 flail!
* * * LOW HITPOINT WARNING * * *
😱 HP[-8]
You take 8 damage, and now have 1/52 hp.
You barely miss the gnoll.
A rat comes into view.
The gnoll hits you but does no damage.
You smack the gnoll!
The gnoll hits you with a +0 flail.
You die...

Skill      XL: |  1  2  3 |
---------------+----------+-----
Shapeshifting  | 4 |  4.2
Fighting       | |  1.1
Dodging        | |  1.7
Unarmed Combat | |  3.8

Action                     |  1- 3 |  4- 6 || total
---------------------------+-------+-------++-------
  Melee: Unarmed           |    92 |    10 ||   102
         Tailslap          |    11 |     2 ||    13
         Punch             |     4 |       ||     4
    Use: Scroll            |     2 |     1 ||     3
         Potion            |       |     1 ||     1
   Stab: Sleeping          |     2 |       ||     2
 Armour: Skin              |    35 |     9 ||    44
  Dodge: Dodged            |    34 |     1 ||    35

Levels and vault maps discovered:
D:1:      psy_arrival_heroes, layout_basic, minmay_worlds_worst_comb
D:2:      layout_loops_ring, pf_guarded_unrand_woodcutter

Notes
Turn   | Place    | Note
-------+----------+-------------------------------------------
     0 | D:1      | kae the Draconian Shapeshifter began the quest for the Orb.
     0 | D:1      | Reached XP level 1. HP: 16/16 MP: 1/1
     0 | D:1      | magus.rc [v1.11.3]
    95 | D:1      | Reached XP level 2. HP: 23/23 MP: 2/2
   100 | D:1      | You pick up a book of the Warp and begin reading...
   100 | D:1      | You add the spells Manifold Assault, Dispersal and
                  | Disjunction to your library.
   174 | D:1      | You pick up a book of Dreams and begin reading...
   174 | D:1      | You add the spells Jinxbite, Ensorcelled Hibernation and
                  | Anguish to your library.
   352 | D:1      | Reached XP level 3. HP: 26/28 MP: 3/3
   976 | D:2      | Reached skill level 4 in Shapeshifting
  1037 | D:2      | Reached XP level 4. HP: 17/35 MP: 4/4
  1047 | D:2      | HP: 7/35 [gnoll/+0 flail (12)]
  1050 | D:2      | HP: 1/52 [gnoll/+0 flail (8)]
  1052 | D:2      | Slain by a gnoll

Vanquished Creatures
  3 gnolls (D:2)
  2 worms (D:2)
  2 dart slugs (D:1)
  2 ball pythons (D:1)
  8 giant cockroaches (D:1)
  6 hobgoblins
  A quokka (D:2)
  3 bats
  A frilled lizard (D:1)
  2 goblins (D:1)
  7 kobolds
  3 rats
40 creatures vanquished.

Table legend:
 A = Non-vault XP
 B = Vault XP
 C = Vault XP percentage of total XP
 D = Non-vault monster count
 E = Vault monster count
 F = Vault count percentage of total count
                 A         B        C        D         E       F
            +---------+---------+-------+---------+---------+-------
      Total |     107 |      10 |   8.5 |      35 |       5 |  12.5
            +---------+---------+-------+---------+---------+-------
        D:1 |      42 |      10 |  19.2 |      22 |       5 |  18.5
        D:2 |      65 |       0 |   0.0 |      13 |       0 |   0.0
            +---------+---------+-------+---------+---------+-------

Skill      XL: |  1  2  3 |
---------------+----------+-----
Shapeshifting  | 4 |  4.2
Fighting       | |  1.1
Dodging        | |  1.7
Unarmed Combat | |  3.8

Action                     |  1- 3 |  4- 6 || total
---------------------------+-------+-------++-------
  Melee: Unarmed           |    92 |    10 ||   102
         Tailslap          |    11 |     2 ||    13
         Punch             |     4 |       ||     4
    Use: Scroll            |     2 |     1 ||     3
         Potion            |       |     1 ||     1
   Stab: Sleeping          |     2 |       ||     2
 Armour: Skin              |    35 |     9 ||    44
  Dodge: Dodged            |    34 |     1 ||    35

Illustrated notes

Table legend:
 A = Kills in this place as a percentage of kills in the entire game.
 B = Kills by you in this place as a percentage of kills by you in the entire game.
 C = Kills by friends in this place as a percentage of kills by friends in the entire game.
 D = Other kills in this place as a percentage of other kills in the entire game.
 E = Experience gained in this place as a percentage of experience gained in the entire game.
 F = Experience gained in this place divided by the number of levels of this place that you have seen.
                   A       B       C       D       E      F
               +-------+-------+-------+-------+-------+----------------------
         Total | 100.0 | 100.0 |   N/A |   N/A | 100.0 |  58.5
       Dungeon | 100.0 | 100.0 |   N/A |   N/A | 100.0 |  58.5
               +-------+-------+-------+-------+-------+----------------------

Table legend: (Time is in decaauts)
 A = Elapsed time spent in this place.
 B = Non-inter-level travel time spent in this place.
 C = Inter-level travel time spent in this place.
 D = Time resting spent in this place.
 E = Time spent auto-exploring this place.
 F = Levels seen in this place.
 G = Mean time per level.
                   A        B        C        D        E       F      G
               +--------+--------+--------+--------+--------+-----+--------+
         Total |   1045 |   1012 |     33 |      0 |    805 |   2 |  522.5 |
       Dungeon |   1045 |   1012 |     33 |      0 |    805 |   2 |  522.5 |
               +--------+--------+--------+--------+--------+-----+--------+

Top non-repeatable levels by time:
     D:1: 709 daAuts
     D:2: 336 daAuts
